 Dungeon Crawl Stone Soup version 0.28-a0-1143-gcf6077d4cc (webtiles) character file.

Game seed: 14308936839536882082

91 spaghetti the Sneak (level 4, -3/35 HPs)
             Began as a Mummy Delver on Dec 14, 2021.
             Slain by a bullfrog zombie (5 damage)
             ... on level 3 of the Dungeon.
             The game lasted 00:02:21 (1202 turns).

spaghetti the Sneak (Mummy Delver)                  Turns: 1202, Time: 00:02:22

Health: -3/35      AC:  5    Str: 23    XL:     4   Next: 34%
Magic:  4/4        EV: 11    Int:  9    God:
Gold:   28         SH:  0    Dex: 13    Spells: 3/3 levels left

rFire   x . .      SeeInvis .     - Unarmed
rCold   + . .      Faith    .   (no shield)
rNeg    + + +      Spirit   .   a - +0 leather armour
rPois   ∞          Reflect  .   (no helmet)
rElec   .          Harm     .   i - +1 cloak
rCorr   .          Rampage  .   (no gloves)
Will    .....                   (no boots)
Stlth   +++.......              (no amulet)
HPRegen 0.11/turn               g - +6 ring of strength
MPRegen 0.09/turn               (no ring)

@: no status effects
A: cold resistance 1, negative energy resistance 3, torment resistance 2, heat
vulnerability 1, no potions
a: no special abilities


You were on level 3 of the Dungeon.
You visited 1 branch of the dungeon, and saw 3 of its levels.

You collected 28 gold pieces.


Innate Abilities, Weirdness & Mutations

You are immune to poison.
Your flesh is cold resistant. (rC+)
You are immune to negative energy. (rN+++)
You are immune to unholy pain and torment.
You are vulnerable to heat. (rF-)
You do not drink.


   Skills:
 - Level 3.0 Fighting
 - Level 1.5 Dodging
 + Level 5.7 Stealth
 - Level 1.5 Unarmed Combat


You had 3 spell levels left.
You didn't know any spells.
Your spell library was empty.

Inventory:

Missiles
 h - 27 stones {throwing}
Armour
 a - a +0 leather armour (worn)
 i - a +1 cloak (worn)
   (You found it on level 5 of the Dungeon)
Jewellery
 c - a ring of positive energy
   (You found it on level 5 of the Dungeon)
 g - a +6 ring of strength (left hand)
   (You found it on level 5 of the Dungeon)
Wands
 e - a wand of digging (3)
Scrolls
 b - a scroll of fog

Dungeon Overview and Level Annotations

Branches:
Dungeon (5/15)
 Temple: D:4-7

Altars:

Annotations:
D:5 2 transporters, exclusion: ogre, math4jedi's ghost, novice HOFi

#.#.# #.#.# ..
#####.#.##.# #
........#.#
#.###.#....#.#
..........>#.#
.#...#.#J##.#
#.#.....##.# .
#@#.#..g...# ...
#Z#.#.....##
.....#'#.#.#.#.#
#......#.#.#.######
#.................#
#......#.###..###.#
#.................#
########...########
#...#


You could see a bullfrog zombie.


Message History

The goblin shouts!
The bullfrog zombie closely misses you.
Okay, then.
The bullfrog zombie hits you. 😮 HP[-4]
You take 4 damage, and now have 21/35 hp.
Unknown command.
There is a stone staircase leading down here.
You climb downwards.
The jelly barely misses you.
The orc priest begins to cast a cantrip, but forgets the words!
The jelly barely misses you.
There is a stone staircase leading up here.
The orc shouts!
You hear an angry hiss.
The jelly barely misses you.
You climb upwards.
The bullfrog zombie hits you. x2
* * * LOW HITPOINT WARNING * * *
There is a stone staircase leading down here. 😨 HP[-6]
You take 6 damage, and now have 15/35 hp.
Unknown command.
Unknown command.
The goblin closely misses you. The goblin barely misses you.
The goblin hits you but does no damage.
As you read the scroll of fear, it crumbles to dust.
You assume a fearsome visage.
The jelly looks frightened!
The goblin looks frightened!
The bullfrog zombie is unaffected.
Unknown command.
Unknown command.
Unknown command.
Unknown command.
Okay, then. 😨 HP[+1]
You open the door. The bullfrog zombie hits you.
* * * LOW HITPOINT WARNING * * *
The bullfrog zombie barely misses you. 😨 HP[-5]
You take 5 damage, and now have 11/35 hp.
Unknown command.
Unknown command.
There is an open door here.
Okay, then.
You can't drink.
Unknown command.
The bullfrog zombie hits you.
* * * LOW HITPOINT WARNING * * *
😨 HP[-2]
You take 2 damage, and now have 9/35 hp.
Unknown command.
Unknown command.
You hit the bullfrog zombie but do no damage.
The bullfrog zombie closely misses you.
Unknown command.
You completely miss the bullfrog zombie.
The bullfrog zombie hits you but does no damage.
You hit the bullfrog zombie. The bullfrog zombie hits you.
* * * LOW HITPOINT WARNING * * *
The bullfrog zombie barely misses you. 😱 HP[-5]
You take 5 damage, and now have 4/35 hp.
Unknown command.
Unknown command.
Unknown command.
You barely miss the bullfrog zombie.
The bullfrog zombie closely misses you. 😱 HP[+1] Unknown command.
Unknown command.
Unknown command.
You can't drink.
Okay, then.
You hit the bullfrog zombie. The bullfrog zombie hits you.
* * * LOW HITPOINT WARNING * * *
😱 HP[-2]
You take 2 damage, and now have 3/35 hp.
Unknown command.
Unknown command.
Unknown command.
You hit the bullfrog zombie.
The bullfrog zombie hits you but does no damage.
You barely miss the bullfrog zombie.
The bullfrog zombie hits you but does no damage.
The bullfrog zombie closely misses you.
Unknown command.
Unknown command.
You hit the bullfrog zombie. The bullfrog zombie hits you.
* * * LOW HITPOINT WARNING * * *
😱 HP[-1]
You take 1 damage, and now have 2/35 hp.
Unknown command.
Unknown command.
Unknown command.
You hit the bullfrog zombie. The bullfrog zombie barely misses you.
Unknown command.
You hit the bullfrog zombie.
The bullfrog zombie hits you but does no damage. x2
Unknown command.
Unknown command.
You barely miss the bullfrog zombie. The bullfrog zombie hits you.
You die...

Skill      XL: |  1  2 |
---------------+-------+-----
Stealth        | 5 |  5.7
Fighting       | |  3.0
Dodging        | |  1.5
Unarmed Combat | |  1.5

Action                   |  1- 3 |  4- 6 || total
-------------------------+-------+-------++-------
Melee: Unarmed           |    11 |    28 ||    39
Evoke: Wand              |    20 |     1 ||    21
  Use: Scroll            |     1 |     4 ||     5
 Stab: Sleeping          |     1 |     1 ||     2
Armor: Leather armour    |     4 |    12 ||    16
Dodge: Dodged            |    16 |    24 ||    40

Levels and vault maps discovered:
D:3:      minmay_general_purpose_star, layout_basic, minmay_gold_behind_fungi,
          uniq_robin, uniq_ijyb
D:4:      layout_loops_ring, marbit_many_paths, minmay_misc_feat_cross,
          uniq_edmund, uniq_eustachio, uniq_pikel
D:5:      layout_basic, gammafunk_ghost_stat_death

Notes
Turn   | Place    | Note
-------+----------+-------------------------------------------
     0 | D:5      | spaghetti the Mummy Delver began the quest for the Orb.
     0 | D:5      | Reached XP level 1. HP: 18/18 MP: 1/1
     0 | D:5      | magus.rc [v1.9.6]
    46 | D:5      | HP: 4/18 [adder (3)]
    48 | D:5      | Reached XP level 2. HP: 6/24 MP: 2/2
   284 | D:5      | Reached skill level 5 in Stealth
   284 | D:5      | Reached XP level 3. HP: 13/29 MP: 3/3
   499 | D:5      | Reached XP level 4. HP: 13/35 MP: 4/4
   719 | D:5      | Noticed an ogre
   740 | D:5      | Found a transporter.
   767 | D:5      | Found a transporter.
   771 | D:5      | Noticed math4jedi's ghost (novice HOFi)
  1194 | D:3      | HP: 4/35 [bullfrog zombie (5)]
  1199 | D:3      | HP: 2/35 [bullfrog zombie (1)]
  1202 | D:3      | Slain by a bullfrog zombie

Vanquished Creatures
  A hound (D:5)
  A scorpion zombie (D:5)
  A hound skeleton (D:5)
  An adder (D:5)
  A white imp (D:5)
  An ufetubus (D:5)
  An orc (D:4)
  2 ball pythons (D:4)
9 creatures vanquished.

Vanquished Creatures (others)
  3 fungi (D:3)
3 creatures vanquished.

Grand Total: 12 creatures vanquished

Table legend:
 A = Non-vault XP
 B = Vault XP
 C = Vault XP percentage of total XP
 D = Non-vault monster count
 E = Vault monster count
 F = Vault count percentage of total count
                 A         B        C        D         E       F
            +---------+---------+-------+---------+---------+-------
      Total |     131 |       0 |   0.0 |       9 |       0 |   0.0
            +---------+---------+-------+---------+---------+-------
        D:4 |       7 |       0 |   0.0 |       3 |       0 |   0.0
        D:5 |     124 |       0 |   0.0 |       6 |       0 |   0.0
            +---------+---------+-------+---------+---------+-------

Illustrated notes

Table legend:
 A = Kills in this place as a percentage of kills in entire the game.
 B = Kills by you in this place as a percentage of kills by you in the entire game.
 C = Kills by friends in this place as a percentage of kills by friends in the entire game.
 D = Other kills in this place as a percentage of other kills in the entire game.
 E = Experience gained in this place as a percentage of experience gained in the entire game.
 F = Experience gained in this place divided by the number of levels of this place that you have seen.
                   A       B       C       D       E      F
               +-------+-------+-------+-------+-------+----------------------
         Total | 100.0 | 100.0 |   N/A |   N/A | 100.0 |  43.7
       Dungeon | 100.0 | 100.0 |   N/A |   N/A | 100.0 |  43.7
               +-------+-------+-------+-------+-------+----------------------

Table legend: (Time is in decaauts)
 A = Elapsed time spent in this place.
 B = Non-inter-level travel time spent in this place.
 C = Inter-level travel time spent in this place.
 D = Time resting spent in this place.
 E = Time spent auto-exploring this place.
 F = Levels seen in this place.
 G = Mean time per level.
                   A        B        C        D        E       F      G
               +--------+--------+--------+--------+--------+-----+--------+
         Total |   1201 |   1197 |      4 |    724 |    300 |   3 |  400.3 |
       Dungeon |   1201 |   1197 |      4 |    724 |    300 |   3 |  400.3 |
               +--------+--------+--------+--------+--------+-----+--------+

Top non-repeatable levels by time:
     D:5: 936 daAuts
     D:3: 194 daAuts
     D:4: 71 daAuts
